 Dungeon Crawl Stone Soup version 0.30-a0-959-g3818848631 (webtiles) character file.

Game seed: 5930701183089589802

248 CryoSword the Grave Robber (level 5, -3/38 HPs)
             Began as a Demonspawn Necromancer on Mar 30, 2023.
             Killed from afar by a white imp (7 damage)
             ... with a puff of frost
             ... summoned by Eustachio
             ... on level 4 of the Dungeon.
             The game lasted 00:07:56 (3894 turns).

CryoSword the Grave Robber (Demonspawn Necromancer) Turns: 3894, Time: 00:07:57

Health: -3/38      AC:  5    Str:  8 (10) XL:     5   Next: 86%
Magic:  0/9        EV: 12    Int: 17      God:
Gold:   86         SH:  0    Dex: 13      Spells: 5/9 levels left

rFire   . . .      SeeInvis +    a - +5 falchion
rCold   . . .      Faith    .    (no shield)
rNeg    . . .      Spirit   .    g - +1 animal skin
rPois   .          Reflect  .    (helmet restricted)
rElec   .          Rampage  .    (no cloak)
rCorr   .          Rage     3%   (no gloves)
Will    .....                    q - +1 pair of boots
Stlth   ++                       (no amulet)
HPRegen 0.26/turn                o - ring of see invisible
MPRegen 0.11/turn                (no ring)

@: no status effects
A: antennae 2, berserk 1
a: no special abilities


You were on level 4 of the Dungeon.
You visited 1 branch of the dungeon, and saw 4 of its levels.

You collected 86 gold pieces.

Inventory:

Hand Weapons
 a - a +5 falchion (weapon)
   (You found it on level 3 of the Dungeon)
Missiles
 c - 7 poisoned darts (quivered)
 i - 4 boomerangs
Armour
 g - a +1 animal skin (worn)
   (You took it off Robin on level 3 of the Dungeon)
 q - a +1 pair of boots (worn)
   (You found it on level 2 of the Dungeon)
Jewellery
 o - a ring of see invisible (left hand)
   (You found it on level 2 of the Dungeon)
Scrolls
 d - a scroll of blinking
 e - a scroll of enchant weapon {unknown}
 h - 2 scrolls of teleportation {@r4}
 j - a scroll of fear
 k - a scroll of amnesia
 l - a scroll of immolation {unknown}
Potions
 b - a potion of magic
 f - a potion of mutation {!q}
 m - a potion of lignification {!q}
 n - a potion of curing {unknown}


   Skills:
 + Level 2.0 Fighting
 + Level 1.2 Long Blades
 - Level 1.7 Dodging
 - Level 1.7 Stealth
 + Level 2.8 Spellcasting
 * Level 6.7 Necromancy


You had 5 spell levels left.
You knew the following spells:

 Your Spells              Type           Power      Damage    Failure   Level
a - Necrotise             Necr           100%       1d9       1%          1
b - Vampiric Draining     Necr           25%        2d7       3%          3

Your spell library contained the following spells:

 Spells                   Type           Power      Damage    Failure   Level
 Animate Dead             Necr           25%        N/A       11%         4
 Agony                    Necr           25%        N/A       30%         5


Dungeon Overview and Level Annotations

Branches:
Dungeon (4/15)
 Temple: D:4-7

Altars:
Wu Jian

Annotations:
D:4 Eustachio


Innate Abilities, Weirdness & Mutations

You have a pair of antennae on your head.
You sometimes lose your temper in combat.


Message History

You kill Natasha!
Suddenly Natasha's spirit rises from her lifeless body.
Things that are here:
a +0 dagger; a +0 dagger You see here a +0 club.
There is an open door here.
There is an open door here.
Things that are here:
a +0 dagger; a +0 club
Things that are here:
a +0 dagger; a +0 club Done exploring.
Level map cleared.
There is a stone staircase leading up here.
You enter the shallow water.
Moving in this stuff is going to be slow.
You see here a +0 whip.
There is a stone staircase leading up, spattered with blood here.
There is a stone staircase leading down here.
You see here a +4 short sword.
There is a stone staircase leading down here.
There is an open door here.
There is an open door here.
Natasha, Servant of Life and Death comes into view.
Natasha hisses angrily.
Natasha casts a spell at you. The magic dart hits you.
Aim: Natasha (chance to affect: 83%) Natasha writhes in agony.
Aim: Natasha (moderately wounded, chance to affect: 83%) Natasha writhes in agony.
Aim: Natasha (severely wounded, chance to affect: 83%) Natasha writhes in agony!
You kill Natasha!
You feel Natasha's spirit has finally been put to rest.
The dead are walking!
You feel your strength returning.
Your Fighting skill increases to level 2!
You swap places.
Natasha crumbles into dust!
n - a fuming dark potion
There is a stone staircase leading down here.
Remembered map restored.
You climb downwards.
Found 6 gold pieces.
There is a stone staircase leading up here.
You now have 72 gold pieces (gained 6).
An adder comes into view.
An adder is nearby!
The helpless adder fails to defend itself.
You slash the adder! The adder closely misses you.
The adder bites you but does no damage.
You miss the adder. The adder closely misses you. The adder barely misses you.
You closely miss the adder. The adder closely misses you.
You slash the adder!
You kill the adder!
No target in view!
A ball python comes into view.
Aim: a ball python (asleep, chance to affect: 93%)
The ball python hisses angrily.
The ball python writhes in agony!
You kill the ball python!
The dead are slithering!
You swap places.
You swap places.
Your ball python skeleton crumbles into dust!
You now have 86 gold pieces (gained 14).
A ball python comes into view.
A ball python is nearby!
A ball python is nearby!
The ball python hisses angrily.
Aim: a ball python (chance to affect: 93%)
The ball python barely resists.
Aim: a ball python (chance to affect: 93%)
The ball python writhes in agony.
The ball python misses you. The ball python grabs you.
The ball python constricts you.
You slash the ball python!
You kill the ball python!
Found a stone staircase leading down.
There is a stone staircase leading down here.
Eustachio the Magnificent comes into view.
He is wielding a +0 rapier.
Eustachio brags, "I can call spirits from the vasty deep."
Eustachio mumbles some strange words.
Eustachio blinks!
Eustachio casts a spell.
Eustachio blinks!
Aim: Eustachio, wielding a +0 rapier and wearing a +0 leather armour (chance to affect: 83%) Eustachio writhes in agony!
Aim: Eustachio, wielding a +0 rapier and wearing a +0 leather armour (lightly wounded, chance to affect: 83%) Eustachio writhes in agony.
Aim: Eustachio, wielding a +0 rapier and wearing a +0 leather armour (moderately wounded, chance to affect: 83%) Eustachio writhes in agony!
Eustachio casts a spell.
Eustachio casts a spell.
Eustachio blinks!
The white imp gestures at you. The puff of frost misses you.
Eustachio barely misses you.
Aim: Eustachio, wielding a +0 rapier and wearing a +0 leather armour (heavily wounded)
You miscast Vampiric Draining.
You are very lightly contaminated with residual magic.
Nothing appears to happen.
Eustachio completely misses you.
Aim: Eustachio, wielding a +0 rapier and wearing a +0 leather armour (heavily wounded)
You draw life force from Eustachio!
Eustachio closely misses you.
You barely miss Eustachio. Eustachio misses you. The white imp hits you.
The white imp freezes you.
You hit Eustachio. Eustachio hits you with a +0 rapier! The ufetubus hits you.
The ufetubus hits you but does no damage.
The white imp hits you but does no damage.
Aim: Eustachio, wielding a +0 rapier and wearing a +0 leather armour (severely wounded, chance to affect: 83%) Eustachio writhes in agony!
The ufetubus closely misses you. x2
Eustachio hits you with a +0 rapier.
* * * LOW HITPOINT WARNING * * *
The white imp closely misses you.
The ufetubus hits you but does no damage.
The ufetubus barely misses you.
Okay, then.
Throw: 10 darts (poison)
Aim: Eustachio, wielding a +0 rapier and wearing a +0 leather armour (almost dead, 46% to hit)
You throw a poisoned dart.
The poisoned dart barely misses Eustachio.
Eustachio screams, "Hey, you killed my favourite bat!"
Eustachio hits you with a +0 rapier!
* * * LOW HITPOINT WARNING * * *
The ufetubus hits you.
* * * LOW HITPOINT WARNING * * *
The ufetubus hits you.
* * * LOW HITPOINT WARNING * * *
The white imp barely misses you.
Okay, then.
Throw: 9 darts (poison)
Aim: Eustachio, wielding a +0 rapier and wearing a +0 leather armour (almost dead, 46% to hit)
You throw a poisoned dart. The poisoned dart hits Eustachio.
The ufetubus hits you but does no damage. x2
Eustachio hits you with a +0 rapier.
* * * LOW HITPOINT WARNING * * *
The white imp hits you but does no damage.
The ufetubus closely misses you. The ufetubus hits you.
* * * LOW HITPOINT WARNING * * *
Your magical contamination has completely faded away.
Throw: 8 darts (poison)
Aim: Eustachio, wielding a +0 rapier and wearing a +0 leather armour (almost dead, 46% to hit)
You throw a poisoned dart. The poisoned dart hits Eustachio.
Eustachio is poisoned.
Eustachio closely misses you. The ufetubus barely misses you.
The ufetubus hits you but does no damage.
The white imp gestures at you. The puff of frost hits you!
You die...

....#..........#
...#.........##
.............## # .#
.............### ## ..#
##.............###. ..
##................ ##.#
##.................
#..#
##5...........<.....
####..##
##.@@.#...##.........
..ยง....#
###..5###.>#######....#
#......####...### #..#
#..... ##......#...###
#..# #.....
##........## ##.#
##.... ##......## #.#
#.#.. ###.....### #.#
#..## #....#.## ... #..
..####.# ###


You could see Eustachio (poisoned), a white imp (summoned) and an ufetubus
(summoned).

Vanquished Creatures
  An orc priest (D:3)
  Natasha (thrice) (D:3)
  Robin (D:3)
  4 adders
  A worm (D:2)
  2 dart slugs
  6 orcs (D:3)
  4 endoplasms
  3 giant cockroaches
  8 goblins
  7 hobgoblins
  4 jackals (D:3)
  4 kobolds
  3 quokkas
  11 ball pythons
  9 bats
  3 frilled lizards (D:2)
  4 rats
  A butterfly (D:3)
79 creatures vanquished.

Vanquished Creatures (collateral kills)
  A goblin (D:3)
  A hobgoblin (D:3)
  A kobold (D:1)
3 creatures vanquished.

Grand Total: 82 creatures vanquished

Notes
Turn   | Place    | Note
-------+----------+-------------------------------------------
     0 | D:1      | CryoSword the Demonspawn Necromancer began the quest for
                  | the Orb.
     0 | D:1      | Reached XP level 1. HP: 13/13 MP: 3/3
   158 | D:1      | Gained mutation: You have a pair of small antennae on your
                  | head. [demonic ancestry]
   158 | D:1      | Reached XP level 2. HP: 19/19 MP: 1/5
   263 | D:1      | Reached skill level 5 in Necromancy
   878 | D:2      | Reached XP level 3. HP: 24/24 MP: 1/6
  1060 | D:2      | Learned a level 3 spell: Vampiric Draining
  1753 | D:3      | Reached XP level 4. HP: 31/31 MP: 5/7
  1766 | D:3      | Noticed Robin
  1783 | D:3      | Gained mutation: You sometimes lose your temper in combat.
                  | [potion of mutation]
  1783 | D:3      | Gained mutation: You have a pair of antennae on your head.
                  | [potion of mutation]
  1797 | D:3      | Reached skill level 6 in Necromancy
  2036 | D:2      | Reached skill level 1 in Fighting
  2077 | D:3      | Killed Robin
  2147 | D:3      | Found an ornate altar of the Wu Jian Council.
  2360 | D:3      | Noticed Natasha
  2685 | D:3      | Reached XP level 5. HP: 30/37 MP: 3/8
  2924 | D:3      | Killed Natasha
  2925 | D:3      | Reached skill level 1 in Long Blades
  2976 | D:3      | Found an ornate altar of the Wu Jian Council.
  3214 | D:3      | Noticed Natasha
  3218 | D:3      | Killed Natasha
  3487 | D:3      | Found an ornate altar of the Wu Jian Council.
  3695 | D:3      | Noticed Natasha
  3699 | D:3      | Killed Natasha
  3868 | D:4      | Noticed Eustachio
  3894 | D:4      | Killed from afar by a white imp

Illustrated notes

Levels and vault maps discovered:
D:1:      kennysheep_arrival_forest, layout_rooms, nrook_mini_backslash
D:2:      layout_rooms, shapermc_ecumenical_altar_petra
D:3:      layout_rooms, nicolae_elyvilon_peaceful_grove,
          nicolae_wu_jian_wuxing_cycle, minmay_misc_feat_doors, uniq_robin,
          uniq_natasha
D:4:      layout_layer_cave, serial_shops, nicolae_shop_bloodbath_and_beyond,
          shop, nicolae_shop_overgrown_old_shop, uniq_eustachio

Skill      XL: |  1  2  3  4  5 |
---------------+----------------+-----
Necromancy     | 5 6 |  6.7
Fighting       | 1 2 |  2.0
Long Blades    | 1 |  1.2
Dodging        | |  1.7
Stealth        | |  1.7
Spellcasting   | |  2.8

Action                     |  1- 3 |  4- 6 || total
---------------------------+-------+-------++-------
  Melee: Short sword       |    23 |    30 ||    53
         Falchion          |       |     9 ||     9
  Throw: Dart              |       |     3 ||     3
   Cast: Necrotise         |    71 |    80 ||   151
         Vampiric Draining |       |     4 ||     4
    Use: Potion            |       |     5 ||     5
         Scroll            |       |     4 ||     4
   Stab: Distracted        |     2 |       ||     2
         Sleeping          |       |     1 ||     1
 Armour: Robe              |    10 |     1 ||    11
         Skin              |       |    28 ||    28
         Animal skin       |       |    11 ||    11
  Dodge: Dodged            |    40 |    51 ||    91

Table legend: (Time is in decaauts)
 A = Elapsed time spent in this place.
 B = Non-inter-level travel time spent in this place.
 C = Inter-level travel time spent in this place.
 D = Time resting spent in this place.
 E = Time spent auto-exploring this place.
 F = Levels seen in this place.
 G = Mean time per level.
                   A        B        C        D        E       F      G
               +--------+--------+--------+--------+--------+-----+--------+
         Total |   4005 |   3914 |     91 |      0 |   3233 |   4 | 1001.2 |
       Dungeon |   4005 |   3914 |     91 |      0 |   3233 |   4 | 1001.2 |
               +--------+--------+--------+--------+--------+-----+--------+

Top non-repeatable levels by time:
     D:3: 1964 daAuts
     D:2: 1019 daAuts
     D:1: 864 daAuts
     D:4: 157 daAuts
